Map: Berlingrad LE

Players

Bulya

  • Race: Zerg Zerg
  • League: Diamond
  • Spawn Location: 5:00

Pumba - Winner!

  • Race: Protoss Protoss
  • League: Diamond
  • Spawn Location: 11:00

VOD

Have the link to the VOD?

Description

Time

  • Played on: March 15, 2022, 8:28 p.m.
  • Length: 7:41
Show
View Real Time Build Order
Export as new Build Order

Bulya Zerg 

Build Orders: Hatch First 

Get SALT Encoding   

  12  0:00  Drone  
  13  0:13  Overlord  
  13  0:16  Drone  
  14  0:31  Drone x2  
  16  0:51  Hatchery  
  16  0:52  Drone  
  16  0:55  Drone  
  17  1:03  Drone  
  18  1:10  Extractor  
  17  1:17  Spawning Pool  
  17  1:18  Drone  
  17  1:21  Drone  
  18  1:29  Drone  
  20  1:40  Drone  
  20  1:50  Overlord  
  20  2:05  Queen x2  
  20  2:06  Zergling x4  
  26  2:13  Drone  
  26  2:14  Drone  
  28  2:18  Metabolic Boost  
  28  2:23  Drone  
  28  2:25  Drone  
  30  2:37  Hatchery  
  30  2:40  Drone x2  
  31  2:47  Drone, Overlord  
  32  2:56  Queen  
  34  3:04  Drone x2  
  35  3:06  Drone  
  35  3:08  Queen  
  35  3:11  Drone  
  38  3:19  Drone x4  
  42  3:24  Overlord  
  42  3:30  Drone  
  43  3:38  Drone  
  43  3:39  Overlord  
  44  3:43  Extractor  
  44  3:46  Roach Warren  
  42  3:54  Drone x5  
  47  3:57  Extractor  
  47  4:00  Overlord x2  
  47  4:01  Drone  
  47  4:08  Drone  
  48  4:15  Drone x2  
  50  4:28  Roach x4  
  50  4:29  Roach x2  
  62  4:31  Spore Crawler  
  62  4:32  Spore Crawler  
  62  4:33  Drone, Spore Crawler  
  62  4:34  Drone x3  
  62  4:35  Drone  
  64  4:41  Lair  
  64  4:58  Roach x4  
  72  5:05  Drone  
  72  5:06  Drone x7  
  80  5:10  Evolution Chamber  
  79  5:23  Drone  
  79  5:24  Drone x2  
  79  5:25  Overlord x3  
  81  5:32  Overlord  
  81  5:33  Overlord  
  81  5:37  Zerg Missile Weapons Level 1  
  81  5:40  Overlord x2  
  81  5:47  Spire  
  80  5:51  Roach x3  
  80  5:52  Drone x3  
  89  5:59  Queen  
  89  6:00  Queen  
  89  6:04  Drone x3  
  96  6:05  Drone  
  96  6:07  Glial Reconstitution  
  97  6:17  Extractor  
  97  6:18  Extractor  
  95  6:19  Drone, Extractor  
  95  6:20  Drone x8  
  103  6:31  Overlord x2  
  103  6:37  Overseer  
  103  6:42  Drone x3  
  103  6:46  Drone x3  
  109  6:55  Overseer  
  109  6:58  Mutalisk x6  
  121  7:02  Hatchery, Roach x4  
  121  7:05  Ravager  
  129  7:09  Roach  
Show
View Real Time Build Order
Export as new Build Order

Pumba Protoss - Winner!

Build Orders: 1 Gate Expand, Zealot Archon, Archon Drop, Dark Templar Rush 

Get SALT Encoding   

  12  0:02  Probe  
  13  0:14  Probe  
  13  0:19  Pylon  
  14  0:27  Probe  
  15  0:39  Gateway  
  15  0:41  Probe (Chrono Boost)  
  17  0:51  Assimilator, Probe (Chrono Boost)  
  17  0:56  Probe (Chrono Boost)  
  18  1:07  Probe  
  19  1:19  Probe  
  20  1:27  Nexus  
  20  1:36  Cybernetics Core  
  20  1:38  Probe  
  21  1:44  Assimilator  
  21  1:50  Probe  
  21  1:53  Pylon  
  22  2:05  Probe  
  23  2:11  Adept (Chrono Boost)  
  23  2:15  Warp Gate  
  25  2:18  Probe  
  26  2:26  Twilight Council  
  26  2:32  Stalker (Chrono Boost)  
  26  2:34  Probe (Chrono Boost)  
  29  2:39  Probe (Chrono Boost)  
  30  2:48  Probe (Chrono Boost)  
  30  2:49  Probe (Chrono Boost)  
  32  2:53  Probe (Chrono Boost)  
  32  2:56  Probe  
  34  3:00  Robotics Facility  
  32  3:05  Probe  
  32  3:12  Probe  
  34  3:18  Probe  
  35  3:24  Probe  
  35  3:26  Dark Shrine  
  36  3:30  Probe  
  36  3:31  Gateway  
  36  3:32  Gateway  
  37  3:36  Gateway, Probe  
  38  3:42  Probe  
  38  3:45  Warp Prism (Chrono Boost)  
  40  3:48  Probe  
  42  3:56  Probe  
  42  3:58  Pylon  
  42  4:00  Probe  
  44  4:02  Assimilator  
  44  4:06  Assimilator  
  44  4:08  Probe  
  45  4:11  Pylon  
  45  4:12  Probe  
  45  4:15  Pylon  
  46  4:22  Adept  
  48  4:25  Probe x2  
  50  4:43  Dark Templar x2  
  50  4:44  Dark Templar x2  
  58  4:49  Probe  
  59  4:57  Probe  
  60  5:07  Observer (Chrono Boost)  
  60  5:11  Charge, Gateway  
  60  5:13  Gateway x2  
  61  5:15  Gateway  
  61  5:20  Immortal (Chrono Boost)  
  61  5:22  Gateway  
  61  5:27  Archon x2  
  65  5:34  Nexus  
  65  5:36  Pylon  
  65  5:51  Pylon  
  65  5:52  Pylon  
  65  5:55  Immortal (Chrono Boost)  
  69  6:12  Dark Templar x2  
  69  6:13  Dark Templar x2  
  69  6:17  Pylon  
  77  6:19  Pylon  
  77  6:22  Pylon  
  77  6:25  Archon x2  
  77  6:34  Dark Templar  
  77  6:35  Dark Templar, Zealot x2  
  85  6:46  Archon  
  85  6:52  Zealot  
  87  7:00  Zealot x6  
  99  7:19  Zealot x3  
  99  7:21  Zealot x6  
Tags
 
Add a new tag
Caveats
  • Supply blocks, unpowered buildings, or Contaminate may cause inaccurate times.
  • Supply counts are checked every 10 seconds.